 Dungeon Crawl Stone Soup version 0.22-a0-322-g60b3cfd (webtiles) character file.

1530 4thArraOfDagon the Reanimator (level 8, -2/57 HPs)
             Began as a Demigod Necromancer on Apr 3, 2018.
             Slain by a gnoll
             ... wielding a +0 halberd
              (12 damage)
             ... on level 5 of the Dungeon.
             The game lasted 00:15:38 (3180 turns).

4thArraOfDagon the Reanimator (Demigod Necromancer) Turns: 3180, Time: 00:15:39

Health: -2/57      AC:  5    Str: 11    XL:     8   Next: 30%
Magic:  4/16       EV: 13    Int: 23    God:
Gold:   289        SH:  0    Dex: 21    Spells: 2/13 levels left

rFire    . . .     SeeInvis .   D - +2 dire flail (pain)
rCold    . . .     Gourm    .   (shield currently unavailable)
rNeg     . . .     Faith    .   a - +0 robe
rPois    .         Spirit   .   (no helmet)
rElec    .         Reflect  .   y - +0 cloak
rCorr    .         Harm     .   w - +1 pair of gloves
MR       +....                  (no boots)
Stlth    ++........             (no amulet)
HPRegen  0.19/turn              o - ring of protection from magic
MPRegen  0.15/turn              s - +5 ring of dexterity

@: very slightly contaminated
A: high mp 1
a: no special abilities


You were on level 5 of the Dungeon.
You were not hungry.

You visited 1 branch of the dungeon, and saw 6 of its levels.
You also visited: Sewer.

You collected 289 gold pieces.

Inventory:

Hand Weapons
 h - a +0 mace
 D - a +2 dire flail of pain (weapon)
Armour
 a - a +0 robe (worn)
 d - a +0 ring mail
 w - a +1 pair of gloves (worn)
 y - a +0 cloak (worn)
Magical Staves
 u - an uncursed staff of death
Jewellery
 n - an uncursed ring of flight
 o - a ring of protection from magic (left hand)
 s - a +5 ring of dexterity (right hand)
 F - an uncursed ring of protection from fire
Wands
 t - a wand of paralysis (22)
 z - a wand of polymorph (12)
 E - a wand of scattershot (4)
Scrolls
 b - a scroll of enchant armour
 e - 3 scrolls of fear
 g - 3 scrolls of teleportation
 j - 2 scrolls of magic mapping
 k - 4 scrolls of remove curse
 m - a scroll of immolation {unknown}
 p - 3 scrolls of fog
 q - 2 scrolls of amnesia
 C - 2 scrolls of blinking {unknown}
Potions
 f - a potion of lignification
 i - a potion of might
 l - 6 potions of agility {unknown}
 r - 3 potions of flight
 v - 6 potions of curing {unknown}
 x - a potion of ambrosia {unknown}
 A - 2 potions of magic {unknown}
 G - a potion of haste
 H - 4 potions of brilliance
 I - 2 potions of heal wounds {unknown}
Comestibles
 c - 7 rations


   Skills:
 - Level 1.7 Dodging
 - Level 1.7 Stealth
 - Level 3.2 Spellcasting
 + Level 10.1 Necromancy


You had 2 spell levels left.
You knew the following spells:

 Your Spells              Type           Power        Failure   Level  Hunger
a - Pain                  Necr           ####         1%          1    None
b - Vampiric Draining     Necr           ######....   1%          3    ###....
c - Regeneration          Chrm/Necr      ####......   4%          3    ###....
d - Animate Dead          Necr           N/A          1%          4    ####...


Dungeon Overview and Level Annotations

Branches:
Dungeon (6/15)             Temple (0/1) D:6

Shops:
D:4 =


Innate Abilities, Weirdness & Mutations

You have an increased reservoir of magic. (+10% MP)


Message History

Casting: Vampiric Draining (safe; 1% risk of failure)
Confirm with . or Enter, or press ? or * to list all spells.
Aiming: Vampiric Draining (safe; 1% risk of failure)
Press: ? - help, Shift-Dir - straight line, f/p - gnoll sergeant
Aim: a gnoll sergeant, wielding a vampiric trident, wearing a scale mail and wearing a shield (moderately wounded)
The gnoll sergeant is heavily wounded.
You feel life coursing into your body. The gnoll hits you with a halberd.
* * * LOW HITPOINT WARNING * * *
Casting: Vampiric Draining (safe; 1% risk of failure)
Confirm with . or Enter, or press ? or * to list all spells.
Aiming: Vampiric Draining (safe; 1% risk of failure)
Press: ? - help, Shift-Dir - straight line, f/p - gnoll sergeant
Aim: a gnoll sergeant, wielding a vampiric trident, wearing a scale mail and wearing a shield (heavily wounded)
The gnoll sergeant is almost dead.
You feel life coursing into your body.
The gnoll sergeant hits you with a vampiric trident!
* * * LOW HITPOINT WARNING * * *
The gnoll sergeant draws strength from your wounds!
The gnoll hits you with a halberd!
You die...

******* ############# ,,,,,,*
#g..........####### ,,,,,,*
#.@.........#...... ,,,,,,*
#g).........#...... ,,,,,,*
#...........'...... ,,,,,,*
#...........#......
,,,,,,********#...........#+####.
,,,,,,,,,,,,,*#########'#....#*#.
,,,,,,,,,,,,,* #.......#....#,..
,,,,,,,,,,,,,* #.......#....#...
,,,,,,,,,,,,,* ###.###.#....#...


You could see a gnoll sergeant and a gnoll.

Vanquished Creatures
  Pikel (D:4)
  An ice beast (D:6)
  8 big kobolds
  A bullfrog (D:4)
  3 scorpions
  Crazy Yiuf (D:3)
  2 iguanas (D:4)
  A hound skeleton (D:6)
  2 gnolls
  4 adders
  2 worms (D:6)
  2 dart slugs
  2 leopard geckos
  10 orcs
  5 ball pythons
  5 giant cockroaches
  8 goblins
  3 hobgoblins
  19 kobolds
  2 quokkas
  6 bats
  7 frilled lizards
  9 rats
104 creatures vanquished.

Vanquished Creatures (others)
  A slave (D:5)
  A hound (D:5)
  A plant (Sewer)
3 creatures vanquished.

Grand Total: 107 creatures vanquished

Notes
Turn   | Place    | Note
-------+----------+-------------------------------------------
     0 | D:1      | 4thArraOfDagon the Demigod Necromancer began the quest for the Orb.
     0 | D:1      | Reached XP level 1. HP: 14/14 MP: 5/5
   186 | D:1      | Reached XP level 2. HP: 3/20 MP: 0/7
   378 | D:2      | Reached skill level 4 in Necromancy
   479 | D:2      | Found an opulent altar of Gozag.
   479 | D:2      | Found a shattered altar of Ashenzari.
   485 | D:2      | Found an ornate altar of the Wu Jian Council.
   487 | D:2      | Found a basalt altar of Yredelemnul.
   488 | D:2      | Found an iron altar of Okawaru.
   521 | D:2      | Reached XP level 3. HP: 4/26 MP: 2/9
   526 | D:2      | Learned a level 3 spell: Vampiric Draining
   676 | D:2      | Found a bloodstained altar of Trog.
   882 | D:3      | Noticed a big kobold
   883 | D:3      | Noticed a big kobold
   913 | D:3      | Killed a big kobold
   913 | D:3      | Reached XP level 4. HP: 18/33 MP: 0/11
  1014 | D:3      | Killed a big kobold
  1014 | D:3      | Reached skill level 5 in Necromancy
  1014 | D:3      | Reached XP level 5. HP: 15/38 MP: 0/12
  1064 | D:3      | Learned a level 3 spell: Regeneration
  1486 | D:3      | Found a runed door.
  1490 | D:3      | Noticed Crazy Yiuf
  1499 | D:3      | Killed Crazy Yiuf
  1593 | D:4      | Found a glowing golden altar of the Shining One.
  1696 | D:4      | Noticed a phantom
  1885 | D:4      | Reached skill level 6 in Necromancy
  1928 | D:4      | Noticed Eustachio
  1929 | D:4      | Noticed Eustachio
  1929 | D:4      | Eustachio changed into Eustachio the iguana
  1942 | D:4      | Killed Eustachio the iguana
  1942 | D:4      | Reached XP level 6. HP: 27/45 MP: 6/13
  1950 | D:4      | Learned a level 4 spell: Animate Dead
  2110 | D:4      | Noticed Edmund
  2119 | D:4      | Noticed Edmund
  2119 | D:4      | Edmund changed into Edmund the bullfrog
  2125 | D:4      | Killed Edmund the bullfrog
  2149 | D:4      | Found Hoamoez's Jewellery Boutique.
  2245 | D:5      | Entered Level 5 of the Dungeon
  2252 | D:5      | Noticed Pikel
  2278 | D:4      | Killed Pikel
  2278 | D:4      | Reached skill level 8 in Necromancy
  2278 | D:4      | Reached XP level 7. HP: 32/50 MP: 4/15
  2612 | D:6      | Found a staircase to the Ecumenical Temple.
  2747 | D:6      | Found a glowing drain.
  2763 | Sewer    | Entered a sewer
  2802 | Sewer    | Reached skill level 9 in Necromancy
  2835 | Sewer    | Reached XP level 8. HP: 47/57 MP: 7/16
  3146 | D:6      | Reached skill level 10 in Necromancy
  3180 | D:5      | Slain by a gnoll

Vault maps used:
D:1:      dpeg_arrival_line_fractal, serial_forest, infiniplex_forest_end_2,
          infiniplex_forest_clump_cross, infiniplex_forest_end_3,
          infiniplex_forest_clump_medium, infiniplex_forest_straight_1,
          infiniplex_forest_straight_4, infiniplex_forest_clump_cross,
          infiniplex_forest_corner_1, infiniplex_forest_clump_long,
          infiniplex_forest_clump_medium
D:2:      lemuel_upstairs_altar, chequers_temple_overflow_minitemple
D:3:      cheibrodos_thug_alley, first_ration, trog_book,
          uniq_crazy_yiuf_cottage
D:4:      lemuel_crystal_altar, serial_shops, nicolae_shop_trees,
          minmay_parallelograms, uniq_edmund, uniq_eustachio
D:5:      nicolae_qazlal_eye_of_the_storm, hex_medium, minmay_misc_feat_hallway,
          uniq_pikel
D:6:      minmay_temple_entry_junction, cheibrodos_sewer_entry_bend
Sewer:    kennysheep_pipe_town

Skill      XL: |  1  2  3  4  5  6  7  8 |
---------------+-------------------------+-----
Spellcasting   | 2 3 |  3.2
Necromancy     | 4 5 6 8 9 10 | 10.1
Dodging        | |  1.7
Stealth        | |  1.7

Action                   |  1- 3 |  4- 6 |  7- 9 || total
-------------------------+-------+-------+-------++-------
Melee: Unarmed           |     1 |       |       ||     1
       Staff             |       |    18 |    56 ||    74
       Dire flail        |       |     4 |    53 ||    57
 Cast: Pain              |    59 |    69 |    20 ||   148
       Vampiric Draining |     1 |     9 |    13 ||    23
       Regeneration      |       |     3 |       ||     3
Evoke: Wand              |       |     4 |       ||     4
  Use: Potion            |     1 |       |       ||     1
       Scroll            |       |     1 |    11 ||    12
 Stab: Paralysed         |       |     4 |       ||     4
       Sleeping          |       |       |     2 ||     2
  Eat: Chunk             |       |     6 |     4 ||    10
Armor: Robe              |     3 |     8 |    29 ||    40
       Skin              |     2 |       |       ||     2
Dodge: Dodged            |     7 |    22 |    87 ||   116

Table legend:
 A = Spawn XP
 B = Non-spawn XP
 C = Spawn XP percentage of total XP
 D = Spawn monster count
 E = Non-spawn monster count
 F = Spawn count percentage of total count
 G = Total turns spent on level
                    A         B        C        D         E        F      G
               +---------+---------+-------+---------+---------+-------+---------
         Total |       0 |    2187 |   0.0 |       0 |     104 |   0.0 |  3180
               +---------+---------+-------+---------+---------+-------+---------
           D:1 |       0 |      17 |   0.0 |       0 |       9 |   0.0 |   268
           D:2 |       0 |      36 |   0.0 |       0 |      15 |   0.0 |   407
           D:3 |       0 |     311 |   0.0 |       0 |      33 |   0.0 |   864
           D:4 |       0 |     960 |   0.0 |       0 |      11 |   0.0 |   792
           D:5 |       0 |      84 |   0.0 |       0 |       2 |   0.0 |   342
           D:6 |       0 |     170 |   0.0 |       0 |      10 |   0.0 |   197
         Sewer |       0 |     609 |   0.0 |       0 |      24 |   0.0 |   310
               +---------+---------+-------+---------+---------+-------+---------
